 Seeded DCSS version 0.26.1-2-gb8aa6d0cf2 (webtiles) character file.

Game seed: 11078492930485343510 (custom seed)

750677 rocky1 the Impregnable (level 27, -4/264 HPs)
             Began as a Minotaur Fighter on Mar 21, 2021.
             Was the Champion of Okawaru.
             Killed by a royal mummy's death curse (18 damage)
             ... on level 1 of the Tomb of the Ancients on Mar 23, 2021.
             The game lasted 04:48:04 (83131 turns).

rocky1 the Impregnable (Minotaur Fighter)          Turns: 83131, Time: 04:48:06

Health: -4/264     AC: 57    Str: 36    XL:     27
Magic:  27/27      EV: 27    Int:  5    God:    Okawaru [******]
Gold:   3145       SH: 25    Dex: 24    Spells: 26/26 levels left

rFire    + . .     SeeInvis +   b - +9 scimitar (holy)
rCold    + + .     Faith    .   j - +0 kite shield of Festuenk {rF+ rC+}
rNeg     + + .     Spirit   .   h - +12 crystal plate armour of Peek-a-Boo {Will+ Dex+3}
rPois    .         Reflect  +   (helmet unavailable)
rElec    +         Harm     .   P - +4 dragonskin cloak
rCorr    .         Rampage  .   O - +2 pair of gloves {Dex+3}
Will     +++++                  K - +2 pair of boots {run}
Stlth    ..........             d - amulet "Jyrinib" {Reflect Slay+2 SH+5}
HPRegen  0.54/turn              m - ring of Ceinle {Will+ Slay+5 Stlth+}
MPRegen  0.20/turn              e - ring of Izoaguax {rN+ Will+ Str+6}

@: marked, slowed, very slow
A: retaliatory headbutt, horns 3, thin skeletal structure 2, see invisible,
strong-willed 1, screaming 1
}: 3/15 runes: decaying, serpentine, silver
a: Renounce Religion, Heroism, Finesse


You were on level 1 of the Tomb of the Ancients.
You worshipped Okawaru.
Okawaru was exalted by your worship.
You visited 11 branches of the dungeon, and saw 53 of its levels.
You visited 1 bazaar.
You also visited: Trove, Bailey, Gauntlet, Ice Cave and Wizlab.

You collected 13389 gold pieces.
You spent 10244 gold pieces at shops.

Inventory:

Hand Weapons
 a - a +9 broad axe of freezing
 b - a +9 scimitar of holy wrath (weapon)
 k - the +12 morningstar of Governance {freeze, *Drain rF+ Str+7 Dex-3}
   (You took it off a deep elf sorcerer on level 3 of the Elven Halls)

   It has been specially enchanted to freeze those struck by it, causing extra
   injury to most foes and up to half again as much damage against particularly
   susceptible opponents.
   It can also slow down cold-blooded creatures.
   It affects your strength (+7).
   It affects your dexterity (-3).
   It protects you from fire.
   It causes draining when unequipped.
 t - the +9 sword of Zonguldrok {reap}
   (You took it off a guardian mummy on level 3 of the Crypt)

   If a monster killed with it leaves a corpse in good enough shape, the corpse
   is reanimated as a zombie friendly to the killer.
 y - the +2 Maxwell's thermic engine {flame, freeze}
   (You acquired it on level 5 of the Vaults)

   It has been specially enchanted to burn those struck by it, causing extra
   injury to most foes and up to half again as much damage against particularly
   susceptible opponents.
   Big, fiery blades are also staple armaments of hydra-hunters.
   It has been specially enchanted to freeze those struck by it, causing extra
   injury to most foes and up to half again as much damage against particularly
   susceptible opponents.
 C - a +4 vampiric scimitar
Missiles
 W - 35 silver javelins (quivered)
Armour
 h - the +12 crystal plate armour of Peek-a-Boo (worn) {Will+ Dex+3}
   (Okawaru gifted it to you on level 3 of the Depths)

   It affects your dexterity (+3).
   It affects your willpower, your defense against some magical effects.
 j - the +0 kite shield of Festuenk (worn) {rF+ rC+}
   (You took it off Asterion on level 3 of the Vaults)

   It protects you from fire.
   It protects you from cold.
 o - the +0 hat "Icahohiz" {rF+ rC+ Str+2}
   (You acquired it on level 1 of the Lair of Beasts)

   It affects your strength (+2).
   It protects you from fire.
   It protects you from cold.
 K - a +2 pair of boots of running (worn)
 M - +0 gold dragon scales
 O - a +2 pair of gloves of dexterity (worn)
 P - the +4 dragonskin cloak (worn)
   (You took it off Tiamat on level 4 of the Realm of Zot)
Jewellery
 c - the ring "Saochia" {rC+ Str+6}
   (You found it on level 2 of the Depths)

   [ring of strength]

   It affects your strength (+6).
   It protects you from cold.
 d - the amulet "Jyrinib" (around neck) {Reflect Slay+2 SH+5}
   (You found it in a treasure trove)

   [amulet of reflection]

   It shields you and reflects attacks.
   It affects your accuracy and damage with ranged weapons and melee attacks
   (+2).
   It affects your SH (+5).
 e - the ring of Izoaguax (right hand) {rN+ Will+ Str+6}
   (You bought it in a shop on level 2 of the Vaults)

   [ring of willpower]

   It affects your strength (+6).
   It protects you from negative energy.
   It affects your willpower, your defense against some magical effects.
 g - the ring "Ontezextue" {rC+ AC+4 Str+2}
   (You found it on level 5 of the Vaults)

   [ring of protection]

   It affects your AC (+4).
   It affects your strength (+2).
   It protects you from cold.
 m - the ring of Ceinle (left hand) {Will+ Slay+5 Stlth+}
   (You bought it in a shop on level 2 of the Vaults)

   [ring of stealth]

   It affects your accuracy and damage with ranged weapons and melee attacks
   (+5).
   It affects your willpower, your defense against some magical effects.
   It makes you more stealthy.
 A - the amulet "Baim" {Reflect +Blink Will++ Int-4 Slay+6 SH+5}
   (You took it off a guardian mummy on level 3 of the Crypt)

   [amulet of reflection]

   It shields you and reflects attacks.
   It affects your intelligence (-4).
   It affects your accuracy and damage with ranged weapons and melee attacks
   (+6).
   It affects your willpower, your defense against some magical effects.
   It lets you blink.
   It affects your SH (+5).
Wands
 z - a wand of digging (32)
 B - a wand of disintegration (86)
Scrolls
 f - 2 scrolls of holy word
 i - 13 scrolls of fog
 p - 3 scrolls of enchant weapon
 D - 21 scrolls of teleportation
 E - 2 scrolls of silence
 F - a scroll of summoning
 G - a scroll of blinking
 H - 6 scrolls of identify
 L - 4 scrolls of remove curse
 Q - 3 scrolls of magic mapping
 Z - 5 scrolls of fear
Potions
 l - 3 potions of resistance
 n - 6 potions of might
 q - 8 potions of flight
 r - 2 potions of heal wounds
 s - 31 potions of curing
 u - a potion of mutation
 v - 4 potions of berserk rage
 w - 3 potions of magic
 J - 4 potions of invisibility
 R - 2 potions of haste
 S - 8 potions of cancellation
Miscellaneous
 N - a condenser vane (inert)


   Skills:
 + Level 24.6 Fighting
 - Level 16.0 Long Blades
 - Level 20.0(20.5) Axes
 - Level 9.6(16.0) Maces & Flails
 - Level 8.8 Throwing
 + Level 26.4 Armour
 + Level 23.5 Dodging
 + Level 22.8 Shields
 - Level 7.7 Invocations
 + Level 19.3 Evocations


You had 26 spell levels left.
You didn't know any spells.
Your spell library contained the following spells:

 Spells                   Type           Power        Failure   Level
 Animate Skeleton         Necr           0%           92%         1
 Apportation              Tloc           0%           92%         1
 Beastly Appendage        Tmut           0%           92%         1
 Corona                   Hex            0%           92%         1
 Foxfire                  Conj/Fire      0%           92%         1
 Freeze                   Ice            0%           92%         1
 Magic Dart               Conj           0%           92%         1
 Pain                     Necr           0%           92%         1
 Sandblast                Erth           0%           92%         1
 Shock                    Conj/Air       0%           92%         1
 Sting                    Tmut/Pois      0%           92%         1
 Summon Small Mammal      Summ           0%           92%         1
 Blink                    Tloc           N/A          98%         2
 Call Imp                 Summ           0%           98%         2
 Ensorcelled Hibernation  Hex/Ice        0%           98%         2
 Passwall                 Tmut/Erth      0%           98%         2
 Poisonous Vapours        Pois/Air       0%           98%         2
 Searing Ray              Conj           0%           98%         2
 Slow                     Hex            0%           98%         2
 Sublimation of Blood     Necr           0%           98%         2
 Swiftness                Air            0%           98%         2
 Wereblood                Tmut           0%           98%         2
 Call Canine Familiar     Summ           0%           100%        3
 Confusing Touch          Hex            0%           100%        3
 Conjure Flame            Conj/Fire      0%           100%        3
 Dazzling Flash           Conj/Hex       0%           100%        3
 Ignite Poison            Fire/Tmut/Pois 0%           100%        3
 Inner Flame              Hex/Fire       0%           100%        3
 Lesser Beckoning         Tloc           0%           100%        3
 Mephitic Cloud           Conj/Pois/Air  0%           100%        3
 Portal Projectile        Hex/Tloc       0%           100%        3
 Spider Form              Tmut/Pois      0%           100%        3
 Static Discharge         Conj/Air       0%           100%        3
 Stone Arrow              Conj/Erth      0%           100%        3
 Summon Guardian Golem    Hex/Summ       0%           100%        3
 Tukima's Dance           Hex            0%           100%        3
 Vampiric Draining        Necr           0%           100%        3
 Animate Dead             Necr           0%           100%        4
 Cause Fear               Hex            0%           100%        4
 Dispel Undead            Necr           0%           100%        4
 Fulminant Prism          Conj/Hex       0%           100%        4
 Hailstorm                Conj/Ice       0%           100%        4
 Ice Form                 Ice/Tmut       0%           100%        4
 Iskenderun's Mystic Bla  Conj/Tloc      0%           100%        4
 Leda's Liquefaction      Hex/Erth       0%           100%        4
 Olgreb's Toxic Radiance  Pois           0%           100%        4
 Petrify                  Tmut/Erth      0%           100%        4
 Sticky Flame             Conj/Fire      0%           100%        4
 Summon Ice Beast         Ice/Summ       0%           100%        4
 Summon Lightning Spire   Summ/Air       0%           100%        4
 Agony                    Necr           0%           100%        5
 Alistair's Intoxication  Tmut/Pois      0%           100%        5
 Blade Hands              Tmut           0%           100%        5
 Bolt of Magma            Conj/Fire/Erth 0%           100%        5
 Borgnjor's Vile Clutch   Necr/Erth      0%           100%        5
 Fireball                 Conj/Fire      0%           100%        5
 Irradiate                Conj/Tmut      0%           100%        5
 Iskenderun's Battlesphe  Conj           0%           100%        5
 Lee's Rapid Deconstruct  Erth           0%           100%        5
 Silence                  Hex/Air        0%           100%        5
 Summon Demon             Summ           0%           100%        5
 Summon Forest            Summ/Tloc      0%           100%        5
 Summon Mana Viper        Hex/Summ       0%           100%        5
 Conjure Ball Lightning   Conj/Air       0%           100%        6
 Death Channel            Necr           0%           100%        6
 Eringya's Noxious Bog    Tmut/Pois      0%           100%        6
 Freezing Cloud           Conj/Ice/Air   0%           100%        6
 Hydra Form               Tmut           0%           100%        6
 Invisibility             Hex            0%           100%        6
 Iron Shot                Conj/Erth      0%           100%        6
 Ozocubu's Refrigeration  Ice            0%           100%        6
 Shadow Creatures         Summ           N/A          100%        6
 Simulacrum               Ice/Necr       0%           100%        6
 Statue Form              Tmut/Erth      0%           100%        6
 Dragon Form              Tmut           0%           100%        7
 Spellforged Servitor     Conj/Summ      0%           100%        7
 Summon Hydra             Summ           0%           100%        7
 Dragon's Call            Summ           0%           100%        9
 Shatter                  Erth           0%           100%        9
 Tornado                  Air            0%           100%        9


Dungeon Overview and Level Annotations

Branches:
Dungeon (15/15)            Temple (0/1) D:4            Lair (6/6) D:8
  Swamp (4/4) Lair:3        Snake (4/4) Lair:4        Slime (0/5) Lair:5
    Orc (2/2) D:11            Elf (3/3) Orc:2        Vaults (5/5) D:14
  Crypt (3/3) Vaults:3       Tomb (1/3) Crypt:3      Depths (5/5) D:15
    Zot (5/5) Depths:5     Bailey (visited)           IceCv (visited)
 WizLab (visited)         Gauntlet (visited)

Altars:
Ashenzari
Dithmenos
Elyvilon
Fedhas
Kikubaaqudgha
Makhleb
Okawaru
Ru
Sif Muna
Uskayaw
Vehumet
Xom
Yredelemnul
Zin
The Shining One
Beogh
Jiyva
Lugonu

Shops:
D:4 *   D:7 [   D:8 *   D:12 }   D:13 *   Orc:2 *[(:   Elf:1 :*   Elf:3 }[((
Snake:4 }}=   Vaults:1 *   Vaults:2 =[=

Portals:
Hell: Depths:1 Depths:2 Depths:3 Depths:4 Depths:5
Abyss: Depths:1 Depths:3 Depths:4
Pandemonium: Depths:3 Depths:5
Ziggurat: Depths:4

Annotations:
Elf:2 2 runed translucent doors


Innate Abilities, Weirdness & Mutations

You reflexively headbutt those who attack you in melee.
You have a pair of large horns on your head.
You have a moderately thin skeletal structure. (Dex +4, Stealth+)
You have supernaturally acute eyesight. (SInv)
You are strong-willed. (Will+)
You occasionally shout uncontrollably at your foes.


Message History

The royal mummy is engulfed in blazing flames.
The royal mummy gestures wildly while chanting.
The emperor scorpion completely misses you.
You furiously retaliate!
You headbutt the emperor scorpion!
You block the emperor scorpion's attack.
The emperor scorpion claws you but does no damage.
The emperor scorpion is engulfed in blazing flames. x2
The emperor scorpion misses you. You furiously retaliate!
You headbutt the emperor scorpion!
You block the emperor scorpion's attack. x2
The emperor scorpion is engulfed in blazing flames.
You block the emperor scorpion's attack.
The emperor scorpion closely misses you. x2
You slash the royal mummy!
The royal mummy convulses!!
You destroy the royal mummy!
Okawaru accepts your kill.
The emperor scorpion disappears in a puff of smoke! x4
You feel extremely nervous for a moment...
Pain shoots through your body!!
You die...

........^.....# #..##.
..............# #..##.
......^.......# #..##.
.^............# #..##.
............^.##############..##.
.....^.....................#..##.
...........................#..##.
^...........^.###########..#..##.
..............#§@○# #..#..##.
..............#§#§§§# #..#..##.
..............#§#########.^#..##.
..............#§...........#..##.
############################..##.
..............##.
..^^..........##.
################.
################################.


There were no monsters in sight!

Vanquished Creatures
  Tiamat (Zot:4)
  3 orbs of fire (Zot:5)
  Mara (Elf:3)
  Mennas (Crypt:3)
  5 ancient liches
  11 royal mummies
  Boris (twice) (Depths:3 Vaults:1)
  Frederick (Vaults:2)
  3 Killer Klowns (Zot:5)
  Saint Roka (Vaults:5)
  A caustic shrike (Depths:4)
  Xtahua (Depths:3)
  16 golden dragons
  the Enchantress (Depths:5)
  3 electric golems
  A Tzitzimitl (Depths:2)
  9 liches
  Jorgrun (Snake:3)
  18 tentacled monstrosities
  14 Orb Guardians
  7 titans
  Asterion (Vaults:3)
  10 quicksilver dragons
  3 deep elf blademasters
  2 deep elf master archers (Elf:3)
  6 death cobs
  14 sphinxes
  A thorn hunter (Swamp:4)
  8 tengu reavers
  The ghost of Ousak the Spry, an adept OpTm of Ru (Snake:2)
  Roxanne (Elf:2)
  4 ancient champions
  11 shadow dragons
  3 revenants
  6 draconian monks
  10 nagarajas
  An azure jelly (Swamp:4)
  Donald (Snake:1)
  9 storm dragons
  The ghost of Jisity the Bludgeoner, an adept HuFi of Okawaru (Orc:1)
  11 fire giants
  2 orc warlords
  3 iron dragons
  6 draconian knights
  17 vault wardens
  13 frost giants
  A ghost moth (Zot:4)
  11 deep elf sorcerers
  12 draconian shifters
  The ghost of ISoar the Fighter, an adept KoHu of Okawaru (Orc:1)
  11 draconian scorchers
  2 curse skulls (Crypt:1)
  A ghoul (Crypt:2)
  2 caustic shrike zombies (Depths:2)
  Aizul (Swamp:2)
  5 deep elf elementalists (Elf:3)
  20 ironheart preservers
  16 stone giants
  12 draconian annihilators
  3 war gargoyles (Vaults:5)
  3 spriggan defenders (Depths:4)
  7 reapers
  8 draconian stormcallers
  18 very ugly things
  A juggernaut skeleton (Depths:2)
  4 vampire knights
  8 deep elf demonologists
  15 green draconians
  13 red draconians
  A minotaur (Gauntlet)
  A bunyip (shapeshifter) (Vaults:5)
  11 spark wasps
  3 bunyips
  4 deep elf annihilators
  20 black draconians
  22 purple draconians
  16 white draconians
  21 yellow draconians
  9 statues (WizLab)
  12 ettins
  A merfolk javelineer (Depths:5)
  17 deep elf death magi
  8 eidola
  4 eleionomae
  A crystal guardian (Vaults:2)
  2 green deaths
  11 mummy priests
  11 fire dragons
  22 ogre magi
  Josephine (D:11)
  3 jiangshi
  3 deep elf high priests
  16 yaktaur captains
  The ghost of Kotami the Carver, a journeyman OpFi of Dithmenos (Lair:2)
  Harold (D:10)
  5 rakshasas
  A great orb of eyes (shapeshifter) (Vaults:5)
  4 great orbs of eyes
  21 ice dragons
  2 spriggan air magi
  20 naga warriors
  37 vault guards
  4 boulder beetles
  3 ghost crabs
  A juggernaut simulacrum (Depths:2)
  The ghost of Zismowir the Fighter, a journeyman DsFi of Makhleb (Orc:1)
  9 hydras
  The ghost of iforgotmypw the Magician, a journeyman HuWz of Vehumet (Orc:1)
  A catoblepas (Lair:2)
  19 anacondas
  30 two-headed ogres
  6 centaur warriors
  4 tengu warriors
  12 alligators
  Erica (D:10)
  6 death yaks (Lair:2)
  An anaconda (shapeshifter) (Vaults:1)
  3 death knights
  6 vampire magi
  6 death scarabs (Tomb:1)
  12 deep troll earth magi
  31 dancing weapons
  A soul eater (Depths:2)
  9 naga sharpshooters
  8 shock serpents
  2 orc high priests
  6 deep troll shamans
  Urug (Lair:2)
  20 deep elf knights
  A fire crab (shapeshifter) (Elf:2)
  A titan zombie (Depths:2)
  A sun demon (Depths:5)
  2 storm dragon zombies (Crypt:3)
  6 hell knights (Depths:5)
  3 goliath frogs
  An iron troll (Depths:3)
  8 salamander mystics
  A titan skeleton (Tomb:1)
  21 deep trolls
  16 skeletal warriors
  A sea snake (Snake:4)
  A sea snake (shapeshifter) (Vaults:5)
  2 shadow wraiths
  5 spriggan druids
  3 unseen horrors
  A storm dragon skeleton (Vaults:5)
  5 glowing orange brains
  9 naga ritualists
  A ghost moth zombie (Crypt:3)
  A torturous demonspawn (Depths:3)
  3 flayed ghosts
  2 swamp dragons
  A tengu zombie (Depths:2)
  10 deep elf archers
  11 wizards
  9 necromancers
  9 harpies (Vaults:2)
  17 bog bodies
  An infernal demonspawn (Depths:3)
  19 ironbrand convokers
  A wolf spider zombie (Crypt:3)
  9 orc knights
  4 lindwurms (Snake:4)
  77 deep elf magi
  3 will-o-the-wisps
  17 mana vipers
  16 phantasmal warriors
  An orb spider (shapeshifter) (Vaults:2)
  A tengu skeleton (Depths:2)
  6 fire giant zombies
  An eleionoma zombie (Crypt:3)
  A stone giant zombie (Crypt:3)
  7 cyclopes
  A mana viper (shapeshifter) (Vaults:3)
  4 wolf spiders
  3 orc sorcerers
  2 oklob plants
  A manticore (D:14)
  3 frost giant zombies
  A goliath frog skeleton (Crypt:3)
  58 ugly things
  A moth of wrath (shapeshifter) (Vaults:3)
  14 salamanders
  28 moths of wrath
  A spriggan zombie (Depths:2)
  3 ice statues (IceCv)
  16 vault sentinels
  8 elephants (Lair:5)
  A fire giant skeleton (Depths:2)
  6 guardian serpents
  A human skeleton (Vaults:5)
  An eye of devastation (shapeshifter) (Depths:4)
  64 black mambas
  2 titan simulacra (Depths:2)
  An orange demon (Depths:5)
  3 rust devils
  2 cane toads (shapeshifter)
  3 gargoyles
  Maggie (D:10)
  21 naga magi
  2 shock serpent skeletons
  3 minotaur zombies
  A rime drake (Lair:5)
  5 kobold demonologists
  A swamp worm zombie (Crypt:1)
  13 cane toads
  11 freezing wraiths
  60 yaktaurs
  4 spectral deep trolls (Crypt:1)
  2 tengu conjurers (Depths:1)
  A green draconian skeleton (Crypt:2)
  6 komodo dragons
  46 guardian mummies
  2 spriggan skeletons (Depths:2)
  A harpy zombie (D:14)
  A hellwing (Depths:3)
  A yaktaur skeleton (Vaults:1)
  A queen bee (shapeshifter) (Depths:5)
  2 red devils
  10 polar bears
  A golden dragon simulacrum (Depths:2)
  A yellow draconian skeleton (Crypt:3)
  A catoblepas skeleton (Crypt:3)
  A bloated husk (Swamp:1)
  6 trolls
  A troll (shapeshifter) (Gauntlet)
  10 tyrant leeches
  10 hornets
  A blink frog (shapeshifter) (Vaults:4)
  2 dream sheep (shapeshifter)
  13 dream sheep
  16 slime creatures
  2 ettin zombies
  10 large abominations
  A raiju (shapeshifter) (Gauntlet)
  2 frost giant simulacra
  2 stone giant simulacra (Depths:2)
  14 blink frogs
  2 fire dragon zombies (Depths:1)
  Sigmund (D:2)
  A satyr zombie (Crypt:1)
  12 flying skulls (Gauntlet)
  4 air elementals
  A fire giant simulacrum (Depths:2)
  An ettin skeleton (Depths:2)
  A satyr skeleton (Crypt:2)
  A spriggan (shapeshifter) (Depths:1)
  20 spriggans
  A hog (shapeshifter) (Depths:3)
  13 water elementals
  2 vampires
  A deep troll skeleton (Depths:1)
  6 wyverns
  A ynoxinul (Gauntlet)
  14 wraiths
  A tarantella (shapeshifter) (Vaults:3)
  12 ushabtiu
  A yak (shapeshifter) (Vaults:2)
  3 fire elementals (Elf:1)
  A human (shapeshifter) (Vaults:4)
  47 yaks
  6 basilisks
  A basilisk (shapeshifter) (Elf:2)
  3 elf simulacra
  Eustachio (D:4)
  9 vampire mosquitoes
  4 swamp worm simulacra (Swamp:4)
  A steam dragon (D:12)
  A torturous demonspawn zombie (Crypt:1)
  20 swamp worms
  3 chaos spawn
  42 nagas
  A harpy simulacrum (Vaults:1)
  7 wargs
  A merfolk zombie (Crypt:3)
  Duvessa (D:4)
  2 acid dragons
  2 soldier ants
  13 hydra simulacra
  19 water moccasins
  A swamp drake (Swamp:3)
  A torturous demonspawn skeleton (Crypt:3)
  9 ice beasts
  6 sky beasts
  A two-headed ogre skeleton (Crypt:3)
  A black bear (shapeshifter) (Depths:5)
  44 orc warriors
  2 phantoms
  8 black bears
  8 boggarts
  2 eyes of draining
  3 necrophages
  2 tengu (shapeshifter)
  26 ogres
  36 wolves
  12 centaurs
  A lindwurm skeleton (Crypt:3)
  17 bullfrogs
  8 big kobolds
  Blork the orc (D:4)
  4 earth elementals
  3 human simulacra
  17 small abominations
  A glowing shapeshifter simulacrum (Depths:2)
  A cyclops skeleton (Crypt:3)
  A water moccasin zombie (D:12)
  8 scorpions
  Dowan (D:4)
  A warg zombie (Crypt:1)
  7 killer bees
  A polar bear skeleton (Crypt:3)
  16 wights
  A howler monkey (D:4)
  3 electric eels
  A crimson imp (Depths:5)
  2 bullfrog zombies
  A human zombie (Crypt:1)
  2 centaur zombies
  8 hounds
  3 jellies
  A quasit (Depths:5)
  4 iron imps
  6 bullfrog skeletons
  A gnoll shaman (D:4)
  30 orc priests
  A demonspawn zombie (Crypt:1)
  6 centaur skeletons
  8 worker ants
  6 iguanas
  28 orc wizards
  A dwarf skeleton (Crypt:3)
  2 hound zombies
  5 hound skeletons
  12 mummies
  Robin (D:2)
  16 adders
  12 gnolls
  A howler monkey skeleton (Crypt:2)
  6 shadow imps
  4 white imps
  3 ufetubi
  3 oozes
  4 swamp drake simulacra (Swamp:4)
  3 adder skeletons
  4 worms
  A barachi skeleton (Crypt:2)
  A dart slug (D:2)
  4 leopard geckos
  112 orcs
  11 bats
  A bat skeleton (Crypt:3)
  6 giant cockroaches
  24 goblins
  14 hobgoblins
  6 jackals
  36 kobolds
  3 quokkas
  5 ball pythons
  3 frilled lizards
  2 jackal skeletons (D:4)
  A jackal zombie (D:3)
  A quokka skeleton (D:4)
  10 rats
  A rat skeleton (Crypt:2)
  4 briar patches (Swamp:4)
  5 bushes
2744 creatures vanquished.

Vanquished Creatures (others)
  A black draconian (Zot:4)
  A vault guard (Vaults:5)
  A salamander mystic (Depths:5)
  An ugly thing (IceCv)
  A deep elf mage (Elf:1)
  A moth of wrath (Zot:5)
  A guardian serpent (Snake:4)
  A guardian mummy (Crypt:3)
  3 bloated husks (Swamp:3)
  A naga (Snake:2)
  A swamp worm (Swamp:3)
  A boggart (Elf:1)
  3 demonic plants (D:10)
  10 foxfires
  15 fungi
  39 plants
81 creatures vanquished.

Grand Total: 2825 creatures vanquished

Notes
Turn   | Place    | Note
-------+----------+-------------------------------------------
     0 | D:1      | rocky1 the Minotaur Fighter began the quest for the Orb.
     0 | D:1      | Reached XP level 1. HP: 19/19 MP: 0/0
    36 | D:1      | Reached XP level 2. HP: 15/26 MP: 1/1
   302 | D:1      | Reached XP level 3. HP: 27/31 MP: 2/2
   874 | D:2      | Reached XP level 4. HP: 37/39 MP: 3/3
   923 | D:2      | Noticed Robin
   956 | D:2      | Killed Robin
   963 | D:2      | Reached skill level 5 in Axes
  1284 | D:2      | Noticed Sigmund
  1297 | D:2      | Killed Sigmund
  1298 | D:2      | Reached skill level 5 in Shields
  1298 | D:2      | Reached XP level 5. HP: 6/45 MP: 4/4
  1298 | D:2      | Reached XP level 6. HP: 7/51 MP: 5/5
  1763 | D:2      | Found a shadowy altar of Dithmenos.
  2091 | D:3      | Reached skill level 10 in Shields
  2091 | D:3      | Reached XP level 7. HP: 57/57 MP: 6/6
  2092 | D:3      | Reached skill level 8 in Armour
  2092 | D:3      | Reached XP level 8. HP: 64/64 MP: 7/7
  2225 | D:3      | Found a transporter.
  2229 | D:3      | Found a transporter.
  2242 | D:3      | Found a sacrificial altar of Ru.
  2419 | D:3      | Found a faded altar of an unknown god.
  2760 | D:4      | Noticed Duvessa
  2760 | D:4      | Noticed Dowan
  2769 | D:4      | Killed Dowan
  2789 | D:4      | Killed Duvessa
  2945 | D:4      | Found a staircase to the Ecumenical Temple.
  2956 | D:4      | Noticed Blork the orc
  2964 | D:4      | Noticed Eustachio
  2985 | D:4      | Killed Blork the orc
  3008 | D:4      | Killed Eustachio
  3123 | D:4      | Found Ythrioto's General Store.
  3136 | D:4      | Reached XP level 9. HP: 71/71 MP: 8/8
  3140 | D:4      | Bought a +2 pair of boots for 198 gold pieces
  3619 | D:4      | Identified the cursed +3 hand axe of the Inquisitive Towns
                  | {vorpal, rElec rPois Will- Str+7}
  3740 | D:5      | Entered Level 5 of the Dungeon
  3795 | D:5      | Found a burning altar of Makhleb.
  3817 | D:5      | Reached skill level 9 in Armour
  3863 | D:5      | Identified the Disquisition on Slavery
  5516 | D:7      | Found Uxkoira's Armour Emporium.
  5525 | D:7      | Got a steaming war axe
  5530 | D:7      | Identified the +7 war axe of Amorality {flame, Int+3} (You
                  | found it on level 7 of the Dungeon)
  5533 | D:7      | Bought a +1 cloak of stealth for 214 gold pieces
  5949 | D:7      | You fall into a shaft and drop 3 floors!
  5949 | D:10     | Entered Level 10 of the Dungeon
  6117 | D:10     | Noticed a kobold demonologist
  6117 | D:10     | Noticed a kobold demonologist
  6118 | D:10     | Found a corrupted altar of Lugonu.
  6118 | D:10     | Noticed a kobold demonologist
  6121 | D:10     | Noticed a sun demon
  6132 | D:10     | Killed a kobold demonologist
  6133 | D:10     | Gained mutation: Your body sometimes deteriorates upon
                  | taking damage. [a neqoxec]
  6137 | D:10     | Gained mutation: Potions are less effective at restoring
                  | your health. [a neqoxec]
  6147 | D:10     | Killed a kobold demonologist
  6148 | D:10     | Reached XP level 10. HP: 80/80 MP: 9/9
  6154 | D:10     | Reached skill level 5 in Fighting
  6229 | D:10     | Noticed Harold
  6250 | D:10     | Killed Harold
  6560 | D:9      | Found a shimmering altar of Xom.
  6590 | D:9      | Noticed a two-headed ogre
  6607 | D:9      | Killed a two-headed ogre
  6649 | D:9      | Found a flagged portal.
  6668 | Bailey   | Entered a bailey
  6674 | Bailey   | Noticed an orc warlord
  6795 | Bailey   | Reached skill level 1 in Throwing
  6823 | Bailey   | Found a runed translucent gate.
  6824 | Bailey   | Found a runed translucent gate.
  6832 | Bailey   | Found a runed translucent gate.
  6945 | Bailey   | Killed an orc warlord
  7361 | D:9      | Reached XP level 11. HP: 86/88 MP: 10/10
  7667 | D:9      | Noticed a two-headed ogre
  7679 | D:9      | Killed a two-headed ogre
  8208 | D:8      | Found a blossoming altar of Fedhas.
  8413 | D:8      | Found Cotumez's Changing Room.
  8470 | D:8      | Bought a potion of mutation for 128 gold pieces
  8575 | D:8      | Lost mutation: Your body sometimes deteriorates upon taking
                  | damage. [potion of mutation]
  8575 | D:8      | Lost mutation: Potions are less effective at restoring your
                  | health. [potion of mutation]
  8575 | D:8      | Gained mutation: Armour fits poorly on your strangely
                  | shaped body. [potion of mutation]
  8575 | D:8      | Gained mutation: You are somewhat resistant to further
                  | mutation. [potion of mutation]
  8576 | D:8      | Lost mutation: You are somewhat resistant to further
                  | mutation. [potion of mutation]
  8576 | D:8      | Lost mutation: Armour fits poorly on your strangely shaped
                  | body. [potion of mutation]
  8576 | D:8      | Gained mutation: You are robust. (+10% HP) [potion of
                  | mutation]
  8576 | D:8      | Gained mutation: You passively map a small area around you.
                  | [potion of mutation]
  8576 | D:8      | Gained mutation: You have a somewhat thin skeletal
                  | structure. (Dex +2, Stealth) [potion of mutation]
  8633 | D:8      | Found a staircase to the Lair.
  8995 | D:8      | Found an iron altar of Okawaru.
  8995 | D:8      | Found a glowing silver altar of Zin.
  8995 | D:8      | Found a white marble altar of Elyvilon.
  8995 | D:8      | Found a broken altar of Ashenzari.
  9012 | D:8      | Became a worshipper of Warmaster Okawaru
  9018 | D:8      | Found a radiant altar of Vehumet.
  9018 | D:8      | Found a blossoming altar of Fedhas.
  9298 | D:4      | Bought a potion of curing for 36 gold pieces
  9298 | D:4      | Bought a potion of curing for 36 gold pieces
  9298 | D:4      | Bought a potion of haste for 120 gold pieces
  9431 | Lair:1   | Entered Level 1 of the Lair of Beasts
  9491 | Lair:1   | Noticed a four-headed hydra
  9492 | Lair:1   | Noticed a four-headed hydra
  9499 | Lair:1   | Killed a one-headed hydra
  9502 | Lair:1   | Killed a one-headed hydra
  9503 | Lair:1   | Reached skill level 1 in Invocations
  9612 | Lair:1   | Reached * piety under Okawaru
  9805 | Lair:1   | Reached skill level 10 in Armour
  9927 | Lair:1   | Reached ** piety under Okawaru
 10395 | Lair:1   | Noticed a four-headed hydra
 10404 | Lair:1   | Killed a one-headed hydra
 10405 | Lair:1   | Reached XP level 12. HP: 88/106 MP: 11/13
 11164 | Lair:2   | Found a runed translucent gate.
 11193 | Lair:2   | Noticed a death yak
 11193 | Lair:2   | Noticed a death yak
 11194 | Lair:2   | Noticed a death yak
 11194 | Lair:2   | Noticed a death yak
 11194 | Lair:2   | Noticed a death yak
 11195 | Lair:2   | Noticed a death yak
 11234 | Lair:2   | Killed a death yak
 11249 | Lair:2   | Killed a death yak
 11274 | Lair:2   | Killed a death yak
 11275 | Lair:2   | Reached skill level 1 in Evocations
 11289 | Lair:2   | Killed a death yak
 11307 | Lair:2   | Killed a death yak
 11334 | Lair:2   | Killed a death yak
 11334 | Lair:2   | Reached *** piety under Okawaru
 11547 | Lair:2   | Noticed Urug
 11590 | Lair:2   | Killed Urug
 11709 | Lair:2   | Noticed a catoblepas
 11732 | Lair:2   | Killed a catoblepas
 11909 | Lair:2   | Noticed a five-headed hydra
 11917 | Lair:2   | Killed a one-headed hydra
 12023 | Lair:2   | Found a runed translucent gate.
 12023 | Lair:2   | Found a runed translucent gate.
 12024 | Lair:2   | Noticed a 13-headed hydra
 12025 | Lair:2   | Noticed Kotami's ghost (journeyman OpFi)
 12180 | Lair:3   | Found a gate leading to a gauntlet.
 12189 | Lair:3   | Reached **** piety under Okawaru
 12200 | Gauntlet | Entered a Gauntlet
 12200 | Gauntlet | Found a transporter.
 12200 | Gauntlet | Found a runed translucent gate.
 12200 | Gauntlet | Found a transporter.
 12201 | Gauntlet | Found a runed translucent gate.
 12204 | Gauntlet | Found a runed translucent gate.
 12205 | Gauntlet | Found a runed translucent door.
 12207 | Gauntlet | Found a transporter.
 12209 | Gauntlet | Found a runed translucent door.
 12220 | Gauntlet | Found a transporter.
 12240 | Gauntlet | Found a transporter.
 12240 | Gauntlet | Found a transporter.
 12242 | Gauntlet | Found a transporter.
 12245 | Gauntlet | Found a transporter.
 12245 | Gauntlet | Found a transporter.
 12262 | Gauntlet | Found a transporter.
 12276 | Gauntlet | Noticed a catoblepas
 12279 | Gauntlet | Found a transporter.
 12298 | Gauntlet | Noticed a death yak
 12298 | Gauntlet | Noticed a death yak
 12299 | Gauntlet | Noticed a death yak
 12299 | Gauntlet | Noticed a death yak
 12300 | Gauntlet | Found a runed translucent door.
 12301 | Gauntlet | Found a transporter.
 12302 | Gauntlet | Found a runed translucent door.
 12316 | Gauntlet | Found a transporter.
 12341 | Gauntlet | Found a transporter.
 12572 | Gauntlet | Reached ***** piety under Okawaru
 12573 | Gauntlet | Reached skill level 11 in Armour
 12573 | Gauntlet | Reached XP level 13. HP: 116/117 MP: 15/15
 12652 | Gauntlet | Noticed a minotaur
 12665 | Gauntlet | Killed a minotaur
 12666 | Gauntlet | Reached skill level 15 in Axes
 13564 | Lair:3   | Reached skill level 5 in Invocations
 13576 | Lair:3   | Found a staircase to the Swamp.
 13835 | Lair:4   | Received a gift from Okawaru
 13852 | Lair:4   | Found a staircase to the Snake Pit.
 13953 | Lair:4   | Got a brightly glowing ring mail
 13964 | Lair:4   | Identified the cursed +1 ring mail of Sorcery {Int+4 Dex+3}
                  | (You found it on level 4 of the Lair of Beasts)
 14100 | Lair:4   | Reached skill level 10 in Dodging
 14387 | Lair:1   | Identified 4 scrolls of acquirement
 14387 | Lair:1   | Acquired the amulet of Incredulity {Reflect rC+ Str+3 SH+5
                  | Stlth-}
 14444 | Lair:1   | Acquired 1002 gold pieces
 14446 | Lair:1   | Acquired the +0 hat "Icahohiz" {rF+ rC+ Str+2}
 14482 | Lair:1   | Acquired 1223 gold pieces
 14601 | D:4      | Bought a potion of curing for 36 gold pieces
 14601 | D:4      | Bought a potion of flight for 36 gold pieces
 14601 | D:4      | Bought a potion of brilliance for 48 gold pieces
 14760 | D:8      | Bought a potion of lignification for 48 gold pieces
 15113 | Lair:2   | Killed Kotami's ghost
 15911 | Lair:5   | Found a staircase to the Slime Pits.
 15912 | Lair:5   | Found a viscous altar of Jiyva.
 15940 | Lair:5   | Received a gift from Okawaru
 16751 | Lair:6   | Entered Level 6 of the Lair of Beasts
 16837 | Lair:6   | Reached XP level 14. HP: 124/129 MP: 17/17
 17116 | Lair:6   | Reached skill level 12 in Armour
 17152 | Lair:6   | Paralysed by a hornet for 2 turns
 17159 | Lair:6   | Reached ****** piety under Okawaru
 17319 | Lair:6   | Received a gift from Okawaru
 17343 | Lair:6   | Got a scorched ring mail {god gift}
 18632 | D:10     | Reached skill level 10 in Fighting
 18756 | D:10     | Noticed Maggie
 18764 | D:10     | Killed Maggie
 19183 | D:10     | Noticed Erica
 19194 | D:10     | Killed Erica
 19630 | D:11     | Noticed Josephine
 19639 | D:11     | Killed Josephine
 19759 | D:11     | Identified the +6 short sword of Amortisation {vamp, +Blink
                  | Dex+4}
 19886 | D:11     | Found a staircase to the Orcish Mines.
 20689 | D:12     | Found Bank's Gadget Shop.
 21098 | D:13     | Found Pearheq's Assorted Antiques.
 21109 | D:13     | Bought a scroll labelled KAIJAA PANANO for 35 gold pieces
 21109 | D:13     | Bought a potion of heal wounds for 175 gold pieces
 21109 | D:13     | Bought a scroll of identify for 70 gold pieces
 21189 | D:13     | Found a frozen archway.
 21215 | IceCv    | Entered an ice cave
 21281 | IceCv    | Received a gift from Okawaru
 21306 | IceCv    | Reached skill level 15 in Shields
 21306 | IceCv    | Reached XP level 15. HP: 135/140 MP: 19/19
 21598 | D:13     | Reached skill level 13 in Armour
 22095 | D:14     | Received a gift from Okawaru
 22097 | D:14     | Reached skill level 5 in Evocations
 22276 | D:14     | Found a gate to the Vaults.
 22591 | D:14     | Found a portal to a secret trove of treasure.
 22962 | D:14     | Identified the +2 ring mail of the True Pharaoh {Int+6
                  | Dex-2} (Okawaru gifted it to you on level 6 of the Lair of
                  | Beasts)
 22977 | D:15     | Entered Level 15 of the Dungeon
 23077 | D:15     | Received a gift from Okawaru
 23081 | D:15     | Got a jewelled scale mail {god gift}
 23082 | D:15     | Found a staircase to the Depths.
 23348 | D:15     | Paralysed by an ogre mage for 7 turns
 23357 | D:15     | Reached skill level 14 in Armour
 23363 | D:15     | Identified the +0 scale mail of the Tanner {MP+9} (Okawaru
                  | gifted it to you on level 15 of the Dungeon)
 23735 | Depths:1 | Entered Level 1 of the Depths
 23976 | Depths:1 | Found a one-way gate to the infinite horrors of the Abyss.
 24187 | Depths:1 | Found a hide-covered altar of Uskayaw.
 24199 | Depths:1 | Reached XP level 16. HP: 155/155 MP: 20/20
 24728 | Depths:1 | Found a gateway to Hell.
 24963 | Depths:1 | Received a gift from Okawaru
 25021 | Depths:1 | Reached skill level 5 in Throwing
 25219 | Depths:1 | Identified Vuneudeu's Collected Works on Supportive Earth
 25286 | Depths:1 | Received a gift from Okawaru
 25420 | Depths:1 | Got a smoking broad axe {god gift}
 25454 | Depths:1 | Identified the +2 broad axe of Yoke {drain, rF+ Will+
                  | Str-5} (Okawaru gifted it to you on level 1 of the Depths)
 25714 | Depths:2 | Noticed a sphinx
 25720 | Depths:2 | Reached skill level 15 in Armour
 25734 | Depths:1 | Killed a sphinx
 26025 | Depths:2 | Received a gift from Okawaru
 26054 | Depths:2 | Noticed a tengu reaver
 26065 | Depths:2 | Killed a tengu reaver
 26254 | Depths:2 | Got a polished hand axe {god gift}
 26256 | Depths:2 | Identified the +6 hand axe of Isey {drain, Str+3} (Okawaru
                  | gifted it to you on level 2 of the Depths)
 26414 | Depths:2 | You fall into a shaft and drop 2 floors!
 26483 | Depths:4 | Found a gateway to a ziggurat.
 26507 | Depths:4 | Reached XP level 17. HP: 53/166 MP: 21/21
 27006 | Depths:4 | Noticed a caustic shrike
 27013 | Depths:5 | Entered Level 5 of the Depths
 27020 | Depths:5 | Noticed a tentacled monstrosity
 27026 | Depths:4 | Received a gift from Okawaru
 27063 | Depths:4 | Noticed a tentacled monstrosity
 27091 | Depths:4 | Killed a tentacled monstrosity
 27283 | Depths:4 | Killed a caustic shrike
 27504 | Depths:4 | Received a gift from Okawaru
 27667 | Depths:4 | Noticed a golden dragon
 27685 | Depths:4 | Killed a golden dragon
 27685 | Depths:4 | Received a gift from Okawaru
 27711 | Depths:4 | Reached skill level 16 in Armour
 28954 | Depths:3 | Reached XP level 18. HP: 84/177 MP: 22/22
 29254 | Depths:3 | Received a gift from Okawaru
 29255 | Depths:3 | Got a faintly humming buckler {god gift}
 29480 | Depths:3 | Found a one-way gate leading to the halls of Pandemonium.
 29754 | Depths:3 | Reached skill level 10 in Evocations
 30009 | Depths:2 | Reached skill level 15 in Fighting
 30014 | Depths:2 | Reached skill level 15 in Dodging
 30776 | Depths:2 | Noticed a lich
 30781 | Depths:2 | Noticed a lich
 31214 | Depths:2 | Killed a lich
 31251 | Depths:2 | Found an ancient bone altar of Kikubaaqudgha.
 31424 | Depths:2 | Found the +8 demon blade "Leech" {vamp, *Rage +Rage rN+}
 31540 | Depths:2 | Received a gift from Okawaru
 31587 | Depths:2 | Identified the +0 buckler "Jipulaer" {Will- Int+5} (Okawaru
                  | gifted it to you on level 3 of the Depths)
 31921 | Depths:2 | Reached skill level 17 in Armour
 32196 | Depths:2 | Noticed a Tzitzimitl
 32205 | Depths:2 | Killed a Tzitzimitl
 32218 | Depths:2 | Reached XP level 19. HP: 173/189 MP: 16/23
 32224 | Depths:2 | Got a fine hand axe
 32255 | Depths:2 | Identified a +0 pair of boots of running (You found it on
                  | level 2 of the Depths)
 32256 | Depths:2 | Identified the cursed +1 hand axe "Plog" {vorpal, rPois
                  | Dex+2} (You found it on level 2 of the Depths)
 32318 | Depths:2 | Got a slimy marble ring
 32841 | Lair:1   | Acquired 671 gold pieces
 32843 | Lair:1   | Acquired a +1 vampiric war axe
 32845 | Lair:1   | Acquired 1004 gold pieces
 32848 | Lair:1   | Identified the ring "Saochia" {rC+ Str+6} (You found it on
                  | level 2 of the Depths)
 33163 | Depths:3 | Noticed Boris
 33166 | Depths:3 | Found a shimmering blue altar of Sif Muna.
 33186 | Depths:3 | Noticed Xtahua
 33186 | Depths:3 | Killed Boris
 33719 | Depths:3 | Killed Xtahua
 33731 | Depths:3 | Received a gift from Okawaru
 33947 | Depths:3 | Identified the Disquisition on the Shifting Escort
 34011 | Depths:3 | Received a gift from Okawaru
 34012 | Depths:3 | Got a polished crystal plate armour {god gift}
 34015 | Depths:3 | Identified Wawuec's Reference Book on Ashen Attacks
 34030 | Depths:3 | Identified the +12 crystal plate armour of Peek-a-Boo
                  | {Will+ Dex+3} (Okawaru gifted it to you on level 3 of the
                  | Depths)
 34217 | Depths:3 | Identified the Incunabulum of the Rocks
 34219 | Depths:3 | Identified the Incunabulum of Conjuration
 34235 | Depths:3 | Identified Cyit's Grimoire of Congealing Clay
 34237 | Depths:3 | Identified Sif Muna's Disquisition on Cloudy Earth
 34603 | Depths:5 | Noticed the Enchantress
 34774 | Depths:5 | Killed the Enchantress
 35542 | Depths:5 | Found a glowing golden altar of the Shining One.
 35601 | Depths:5 | Noticed a golden dragon
 35611 | Depths:5 | Noticed a golden dragon
 35616 | Depths:5 | Killed a golden dragon
 35616 | Depths:5 | Received a gift from Okawaru
 35619 | Depths:5 | Killed a golden dragon
 35639 | Depths:5 | Noticed a golden dragon
 35651 | Depths:5 | Killed a golden dragon
 35652 | Depths:5 | Reached skill level 18 in Armour
 35692 | Depths:5 | Received a gift from Okawaru
 35703 | Depths:5 | Reached XP level 20. HP: 189/200 MP: 24/24
 35947 | Depths:5 | Found a gate to the Realm of Zot.
 36250 | Depths:5 | Noticed a golden dragon
 36269 | Depths:5 | Killed a golden dragon
 36854 | Swamp:1  | Entered Level 1 of the Swamp
 37674 | Swamp:2  | Received a gift from Okawaru
 37976 | Swamp:2  | Noticed Aizul
 37988 | Swamp:2  | Killed Aizul
 39272 | Swamp:4  | Entered Level 4 of the Swamp
 39687 | Swamp:4  | Received a gift from Okawaru
 40067 | Swamp:4  | Got a decaying rune of Zot
 40387 | Snake:1  | Entered Level 1 of the Snake Pit
 40389 | Snake:1  | Noticed Donald
 40400 | Snake:1  | Killed Donald
 41341 | Snake:2  | Reached XP level 21. HP: 153/212 MP: 25/25
 41600 | Snake:2  | Found a shimmering altar of Xom.
 41607 | Snake:2  | Found a runed translucent gate.
 41608 | Snake:2  | Found a runed translucent gate.
 41612 | Snake:2  | Reached skill level 19 in Armour
 41613 | Snake:2  | Found a runed translucent gate.
 41615 | Snake:2  | Noticed Ousak's ghost (adept OpTm)
 41647 | Snake:2  | Killed Ousak's ghost
 41650 | Snake:2  | Received a gift from Okawaru
 42634 | Snake:3  | Noticed Jorgrun
 42646 | Snake:3  | Killed Jorgrun
 43135 | Snake:4  | Entered Level 4 of the Snake Pit
 43157 | Snake:4  | Received a gift from Okawaru
 43174 | Snake:4  | Got an ichor-stained war axe {god gift}
 43176 | Snake:4  | Identified the +5 war axe "Mapnuc" {flame, Fragile rC+
                  | Will++} (Okawaru gifted it to you on level 4 of the Snake
                  | Pit)
 43593 | Snake:4  | Found Daifam's Gadget Emporium.
 43596 | Snake:4  | Found Gaaqaip's Jewellery Boutique.
 43598 | Snake:4  | Found Quipreach's Gadget Emporium.
 43630 | Snake:4  | Bought a wand of disintegration (13) for 289 gold pieces
 43630 | Snake:4  | Bought a phantom mirror for 680 gold pieces
 43630 | Snake:4  | Bought a wand of disintegration (20) for 408 gold pieces
 43630 | Snake:4  | Bought a phantom mirror for 680 gold pieces
 43630 | Snake:4  | Bought a wand of disintegration (7) for 187 gold pieces
 43633 | Snake:4  | Bought a +4 ring of evasion for 612 gold pieces
 43633 | Snake:4  | Bought an uncursed ring of protection from cold for 425
                  | gold pieces
 43633 | Snake:4  | Bought an uncursed ring of see invisible for 255 gold
                  | pieces
 43633 | Snake:4  | Bought a +4 ring of protection for 612 gold pieces
 43636 | Snake:4  | Bought a wand of disintegration (4) for 96 gold pieces
 43636 | Snake:4  | Bought a phantom mirror for 480 gold pieces
 43636 | Snake:4  | Bought a wand of disintegration (11) for 180 gold pieces
 43636 | Snake:4  | Bought a phial of floods for 480 gold pieces
 44601 | Snake:4  | Received a gift from Okawaru
 44873 | Snake:4  | Got a serpentine rune of Zot
 45320 | Vaults:1 | Entered Level 1 of the Vaults
 45414 | Vaults:1 | Reached XP level 22. HP: 224/224 MP: 26/26
 45577 | Vaults:1 | Noticed Boris
 45588 | Vaults:1 | Killed Boris
 45798 | Vaults:1 | Received a gift from Okawaru
 45844 | Vaults:1 | Reached skill level 20 in Armour
 45947 | Vaults:1 | Received a gift from Okawaru
 45997 | Vaults:1 | Found Fenul's Assorted Antiques.
 46012 | Vaults:1 | Bought a scroll of magic mapping for 77 gold pieces
 46012 | Vaults:1 | Bought a scroll of holy word for 165 gold pieces
 46062 | Vaults:1 | Reached skill level 1 in Maces & Flails
 46081 | Vaults:1 | You fall into a shaft and drop 1 floor!
 46081 | Vaults:2 | Found Qapredol's Armour Shoppe.
 46257 | Vaults:2 | Found a magical portal.
 46262 | WizLab   | Entered Iskenderun's Mystic Tower
 46690 | WizLab   | Received a gift from Okawaru
 47242 | WizLab   | Identified Iskenderun's Tome of Confrontation
 47242 | WizLab   | Identified Iskenderun's Almanac of Combat Magic
 47703 | Vaults:2 | Found Wudug's Jewellery Emporium.
 47709 | Vaults:2 | Bought the ring of Izoaguax {rN+ Will+ Str+6} for 585 gold
                  | pieces
 47709 | Vaults:2 | Bought an uncursed ring of resist corrosion for 240 gold
                  | pieces
 48034 | Vaults:2 | Noticed Frederick
 48046 | Vaults:2 | Killed Frederick
 48166 | Vaults:2 | Received a gift from Okawaru
 48447 | Vaults:2 | Reached skill level 5 in Maces & Flails
 48554 | Vaults:2 | Found Itink's Jewellery Shoppe.
 48558 | Vaults:2 | Received a gift from Okawaru
 48693 | Vaults:3 | Found a staircase to the Crypt.
 48772 | Vaults:3 | Received a gift from Okawaru
 48946 | Vaults:3 | Reached XP level 23. HP: 234/234 MP: 27/27
 49133 | Vaults:3 | Received a gift from Okawaru
 49280 | Vaults:3 | Received a gift from Okawaru
 49485 | Vaults:3 | Identified the +0 kite shield of Festuenk {rF+ rC+}
 49485 | Vaults:3 | Noticed Asterion
 49505 | Vaults:3 | Killed Asterion
 49578 | Vaults:3 | Reached skill level 1 in Long Blades
 49648 | Vaults:3 | Received a gift from Okawaru
 50295 | Vaults:3 | Received a gift from Okawaru
 50680 | Vaults:2 | Bought the ring of Ceinle {Will+ Slay+5 Stlth+} for 715
                  | gold pieces
 51233 | Vaults:4 | Gained mutation: You are clumsy. (Dex -2) [a neqoxec]
 51236 | Vaults:4 | Lost mutation: You are robust. (+10% HP) [a neqoxec]
 51655 | Vaults:4 | Reached skill level 21 in Armour
 51655 | Vaults:4 | Reached skill level 15 in Evocations
 52747 | D:14     | You paid a toll of +2 gold dragon scales to enter a
                  | treasure trove
 52748 | Trove    | Entered a treasure trove
 52760 | Trove    | Got a clouded jade amulet
 52763 | Trove    | Got a vibrating brass ring
 52765 | Trove    | Got a bound glass ring
 52770 | Trove    | Got a heavily runed gossamer ring
 52775 | Trove    | Got a clouded bone ring
 52777 | Trove    | Got a pitted bronze amulet
 52779 | Trove    | Got a crude bone ring
 52781 | Trove    | Got a brightly glowing bronze ring
 52800 | Trove    | Got a flickering crystal amulet
 52991 | Lair:1   | Identified the amulet "Jyrinib" {Reflect Slay+2 SH+5} (You
                  | found it in a treasure trove)
 52992 | Lair:1   | Identified the amulet "Soenacsi" {Acrobat rC+ rN+} (You
                  | found it in a treasure trove)
 52993 | Lair:1   | Identified the ring "Ufueceddu" {Wiz +Blink rPois Will-
                  | Stlth+} (You found it in a treasure trove)
 52994 | Lair:1   | Identified the ring "Leojiak" {Wiz *Drain rElec rF+ Int+4}
                  | (You found it in a treasure trove)
 52995 | Lair:1   | Identified the ring "Farocwi" {SInv Stlth+} (You found it
                  | in a treasure trove)
 52996 | Lair:1   | Identified the ring of Satyriasis {Wiz Will+ Int+8 Slay+2}
                  | (You found it in a treasure trove)
 52997 | Lair:1   | Identified the amulet "Jevaif" {Reflect rPois SH+5} (You
                  | found it in a treasure trove)
 52998 | Lair:1   | Identified the ring "Harcham" {*Slow rElec rN+ Will++
                  | Str-2} (You found it in a treasure trove)
 52999 | Lair:1   | Identified the ring of Lugonu's Benevolence {+Fly rC- MP+9
                  | Int+7} (You found it in a treasure trove)
 53155 | Orc:1    | Entered Level 1 of the Orcish Mines
 53255 | Orc:1    | Found a runed translucent gate.
 53255 | Orc:1    | Found a runed translucent gate.
 53255 | Orc:1    | Found a runed translucent gate.
 53257 | Orc:1    | Noticed Jisity's ghost (adept HuFi)
 53257 | Orc:1    | Noticed Zismowir's ghost (journeyman DsFi)
 53258 | Orc:1    | Noticed ISoar's ghost (adept KoHu)
 53261 | Orc:1    | Noticed iforgotmypw's ghost (journeyman HuWz)
 53400 | Orc:1    | Killed Zismowir's ghost
 53401 | Orc:1    | Killed iforgotmypw's ghost
 53406 | Orc:1    | Killed ISoar's ghost
 53409 | Orc:1    | Killed Jisity's ghost
 53462 | Orc:2    | Entered Level 2 of the Orcish Mines
 53472 | Orc:2    | Found a roughly hewn altar of Beogh.
 53473 | Orc:2    | Found Eggamm's Book Emporium.
 53749 | Orc:2    | Found a roughly hewn altar of Beogh.
 53873 | Orc:2    | Found a staircase to the Elven Halls.
 54132 | Orc:2    | Found a roughly hewn altar of Beogh.
 54147 | Orc:2    | Found a roughly hewn altar of Beogh.
 54218 | Orc:2    | Found Kiciynes's Antique Armour Boutique.
 54218 | Orc:2    | Found a roughly hewn altar of Beogh.
 54232 | Orc:2    | Reached skill level 5 in Long Blades
 54341 | Orc:2    | Found Kocadoet's Antique Weapon Shop.
 54413 | Orc:2    | Found a roughly hewn altar of Beogh.
 54414 | Orc:2    | Found Zehuqoedgh's Assorted Antiques.
 54431 | Orc:2    | Bought a scroll of teleportation for 102 gold pieces
 54431 | Orc:2    | Bought a scroll labelled EPSYM JIN BOM for 34 gold pieces
 54431 | Orc:2    | Bought a potion of curing for 102 gold pieces
 54507 | Orc:2    | Found a roughly hewn altar of Beogh.
 54649 | Orc:1    | Received a gift from Okawaru
 54886 | Elf:1    | Entered Level 1 of the Elven Halls
 54980 | Elf:1    | Found Zofeots's Assorted Antiques.
 54980 | Elf:1    | Found Suum Kur's Book Shop.
 54995 | Elf:1    | Bought 2 scrolls of identify for 136 gold pieces
 54995 | Elf:1    | Bought a potion of might for 136 gold pieces
 54995 | Elf:1    | Bought a scroll of teleportation for 102 gold pieces
 54995 | Elf:1    | Bought a wand of disintegration (8) for 136 gold pieces
 54995 | Elf:1    | Bought a potion of might for 136 gold pieces
 54995 | Elf:1    | Bought a scroll of identify for 68 gold pieces
 54995 | Elf:1    | Bought a potion of might for 136 gold pieces
 55191 | Elf:1    | Received a gift from Okawaru
 55677 | Elf:1    | Reached XP level 24. HP: 223/224 MP: 27/27
 56163 | Elf:2    | Found a large runed translucent door.
 56163 | Elf:2    | Found a large runed translucent door.
 56191 | Elf:2    | Found a large runed translucent door.
 56191 | Elf:2    | Found a large runed translucent door.
 56285 | Elf:2    | Noticed Roxanne
 56309 | Elf:2    | Killed Roxanne
 57031 | Elf:2    | Received a gift from Okawaru
 57090 | Elf:2    | Received a gift from Okawaru
 57336 | Elf:3    | Entered Level 3 of the Elven Halls
 57351 | Elf:3    | Found a flickering gateway to a bazaar.
 57364 | Bazaar   | Entered a bazaar
 57379 | Bazaar   | Found Isont's Distillery.
 57408 | Bazaar   | Found Mimiano's Distillery.
 57428 | Bazaar   | Found Dowaitz's Gadget Shoppe.
 57454 | Bazaar   | Found Okkuf's Gadget Shoppe.
 57479 | Bazaar   | Bought a potion of heal wounds for 50 gold pieces
 57479 | Bazaar   | Bought a potion of heal wounds for 50 gold pieces
 57507 | Bazaar   | Bought a potion of heal wounds for 75 gold pieces
 57507 | Bazaar   | Bought a potion of heal wounds for 75 gold pieces
 57535 | Bazaar   | Bought a potion of experience for 500 gold pieces
 57535 | Bazaar   | Bought a potion of curing for 30 gold pieces
 57535 | Bazaar   | Bought a potion of curing for 30 gold pieces
 57542 | Bazaar   | Reached XP level 25. HP: 230/230 MP: 27/27
 57572 | Elf:3    | Noticed Mara
 57590 | Elf:3    | Noticed rocky1's illusion
 57591 | Elf:3    | Killed Mara
 57609 | Elf:3    | Found Figoq's Antique Armour Boutique.
 57639 | Elf:3    | Found Vuymous's Weapon Boutique.
 57657 | Elf:3    | Received a gift from Okawaru
 58252 | Elf:3    | Found Gyczirek's Weapon Shoppe.
 58638 | Elf:3    | Found Goyxkan's Gadget Shoppe.
 59037 | Elf:3    | Identified the +7 short sword "Ifuonies" {freeze, Fragile
                  | rPois MP+9 Int+6}
 59252 | Elf:3    | Received a gift from Okawaru
 59297 | Elf:3    | Identified the +12 morningstar of Governance {freeze,
                  | *Drain rF+ Str+7 Dex-3}
 59297 | Elf:3    | Identified the ring "Ryetoem" {MP+9 Str+6 Slay+2}
 59422 | Elf:3    | Identified the +4 lajatang "Gigeamusa" {elec, rPois rF-
                  | Str+7 Dex+3}
 59509 | Elf:3    | Identified the Grimoire of Feathery Dark Magic
 59515 | Elf:3    | Identified Pupueh Lunu's Catalogue of Evil Summoning
 59555 | Elf:3    | Identified the Incunabulum of Confrontation and Cold
 59562 | Elf:3    | Got a crude ring mail
 59597 | Elf:3    | Identified the +5 kite shield "Quwoprops" {Dex+2}
 59668 | Elf:3    | Identified the cursed +1 ring mail "Udghonepn" {+Fly Regen+
                  | Dex-4} (You found it on level 3 of the Elven Halls)
 60475 | Vaults:5 | Entered Level 5 of the Vaults
 60483 | Vaults:5 | Reached skill level 10 in Long Blades
 60511 | Vaults:5 | Noticed an ancient lich
 60512 | Vaults:5 | Reached skill level 22 in Armour
 60843 | Vaults:4 | Reached XP level 26. HP: 88/242 MP: 27/27
 60844 | Vaults:4 | Killed an ancient lich
 61159 | Vaults:4 | Received a gift from Okawaru
 61171 | Vaults:4 | Got a distressingly furry tower shield {god gift}
 61182 | Vaults:4 | Identified the -2 tower shield of Iragaot {+Blink Regen+
                  | Str+3 Dex-3} (Okawaru gifted it to you on level 4 of the
                  | Vaults)
 61619 | Vaults:5 | Noticed Saint Roka
 61624 | Vaults:5 | Killed Saint Roka
 61687 | Vaults:5 | Identified the +8 spear of Ruination {holy, Dex+5}
 61878 | Vaults:5 | Reached skill level 23 in Armour
 62090 | Vaults:5 | Received a gift from Okawaru
 62145 | Vaults:5 | Identified the Collected Works on Arcane Weapons and
                  | Calling
 62445 | Vaults:5 | Received a gift from Okawaru
 62707 | Vaults:5 | Acquired the +2 Maxwell's thermic engine {flame, freeze}
 62708 | Vaults:5 | Found the +2 Maxwell's thermic engine {flame, freeze}
 63100 | Vaults:5 | Found the +8 Wrath of Trog {antimagic, *Rage}
 63108 | Vaults:5 | Got a silver rune of Zot
 63222 | Vaults:5 | Got a fine scale mail
 63293 | Vaults:5 | Got a brightly glowing amber ring
 63355 | Vaults:5 | Got a twisted shortbow
 63361 | Vaults:5 | Identified the +9 shortbow "Dussupp" {freeze, +Inv rN+ MP+9
                  | Str+3} (You found it on level 5 of the Vaults)
 63362 | Vaults:5 | Identified the cursed +1 scale mail of Limited Liability
                  | {Harm Rampage rF- rCorr} (You found it on level 5 of the
                  | Vaults)
 63374 | Vaults:5 | Identified the ring "Ontezextue" {rC+ AC+4 Str+2} (You
                  | found it on level 5 of the Vaults)
 64612 | Zot:1    | Entered Level 1 of the Realm of Zot
 64952 | Zot:1    | Reached XP level 27. HP: 250/253 MP: 27/27
 65239 | Zot:1    | Received a gift from Okawaru
 65262 | Zot:1    | Reached skill level 24 in Armour
 66038 | Zot:2    | Received a gift from Okawaru
 69204 | Zot:4    | Received a gift from Okawaru
 69208 | Zot:4    | Got a pair of pitted boots {god gift}
 69433 | Zot:4    | Found the +4 dragonskin cloak
 69433 | Zot:4    | Noticed Tiamat
 69489 | Zot:4    | Reached skill level 15 in Long Blades
 69494 | Zot:4    | Killed Tiamat
 69828 | Zot:4    | Got a heavily runed silver amulet
 69949 | Zot:4    | Identified the +0 pair of boots "Poups" {rElec Will+ Str-5
                  | Int+3} (Okawaru gifted it to you on level 4 of the Realm of
                  | Zot)
 69950 | Zot:4    | Identified the amulet of Kaatweiz {Spirit rPois Str+3} (You
                  | found it on level 4 of the Realm of Zot)
 70067 | Zot:4    | Reached skill level 25 in Armour
 70168 | Zot:4    | Got a crude jade ring
 70588 | Zot:5    | Entered Level 5 of the Realm of Zot
 71100 | Zot:5    | Received a gift from Okawaru
 71122 | Zot:5    | Received a gift from Okawaru
 71419 | Zot:5    | Noticed an ancient lich
 71421 | Zot:5    | Noticed an orb of fire
 71428 | Zot:5    | Gained mutation: Armour fits poorly on your strangely
                  | shaped body. [an orb of fire]
 71429 | Zot:5    | Gained mutation: You are partially covered in thin metallic
                  | scales. (AC +2) [an orb of fire]
 71438 | Zot:5    | Killed an orb of fire
 71438 | Zot:5    | Received a gift from Okawaru
 71441 | Zot:5    | Killed an ancient lich
 71528 | Zot:5    | Noticed an ancient lich
 71544 | Zot:5    | Killed an ancient lich
 71546 | Zot:5    | Noticed an ancient lich
 71551 | Zot:5    | Killed an ancient lich
 71760 | Zot:5    | Noticed an ancient lich
 71906 | Zot:5    | Killed an ancient lich
 71953 | Zot:5    | Noticed an orb of fire
 71960 | Zot:5    | Gained mutation: You occasionally shout uncontrollably at
                  | your foes. [an orb of fire]
 71969 | Zot:5    | Killed an orb of fire
 72012 | Zot:5    | Noticed an orb of fire
 72014 | Zot:5    | Gained mutation: Your spells are a little easier to cast,
                  | but a little less powerful. [an orb of fire]
 72023 | Zot:5    | Gained mutation: You tend to lose your temper in combat.
                  | [an orb of fire]
 72024 | Zot:5    | Killed an orb of fire
 72780 | Lair:1   | Identified the cursed ring of Cugouvy {rC+ EV-4 Stlth+}
                  | (You found it on level 4 of the Realm of Zot)
 72856 | Lair:1   | Lost mutation: Armour fits poorly on your strangely shaped
                  | body. [potion of mutation]
 72856 | Lair:1   | Lost mutation: You are clumsy. (Dex -2) [potion of
                  | mutation]
 72856 | Lair:1   | Gained mutation: Your magical capacity is low. (-10% MP)
                  | [potion of mutation]
 72856 | Lair:1   | Gained mutation: You expend magic power (3 MP) to
                  | strengthen your wands. [potion of mutation]
 72856 | Lair:1   | Gained mutation: Your movements are slightly less
                  | encumbered by armour. (ER -2) [potion of mutation]
 72857 | Lair:1   | Lost mutation: Your spells are a little easier to cast, but
                  | a little less powerful. [potion of mutation]
 72857 | Lair:1   | Lost mutation: Your magical capacity is low. (-10% MP)
                  | [potion of mutation]
 72857 | Lair:1   | Gained mutation: You have supernaturally acute eyesight.
                  | (SInv) [potion of mutation]
 72857 | Lair:1   | Gained mutation: Your system is resistant to poisons.
                  | (rPois) [potion of mutation]
 72857 | Lair:1   | Gained mutation: Your muscles are strong. (Str +2) [potion
                  | of mutation]
 72858 | Lair:1   | Lost mutation: Your muscles are strong. (Str +2) [potion of
                  | mutation]
 72858 | Lair:1   | Gained mutation: You are agile. (Dex +2) [potion of
                  | mutation]
 72858 | Lair:1   | Gained mutation: Your magical capacity is low. (-10% MP)
                  | [potion of mutation]
 72858 | Lair:1   | Lost mutation: You tend to lose your temper in combat.
                  | [potion of mutation]
 72859 | Lair:1   | Lost mutation: You expend magic power (3 MP) to strengthen
                  | your wands. [potion of mutation]
 72859 | Lair:1   | Lost mutation: You occasionally shout uncontrollably at
                  | your foes. [potion of mutation]
 72859 | Lair:1   | Lost mutation: Your magical capacity is low. (-10% MP)
                  | [potion of mutation]
 72859 | Lair:1   | Lost mutation: You are agile. (Dex +2) [potion of mutation]
 72859 | Lair:1   | Gained mutation: You have a pair of large horns on your
                  | head. [potion of mutation]
 72860 | Lair:1   | Lost mutation: You are partially covered in thin metallic
                  | scales. (AC +2) [potion of mutation]
 72860 | Lair:1   | Lost mutation: You have a pair of large horns on your head.
                  | [potion of mutation]
 72860 | Lair:1   | Lost mutation: Your movements are slightly less encumbered
                  | by armour. (ER -2) [potion of mutation]
 72860 | Lair:1   | Gained mutation: Potions are less effective at restoring
                  | your health. [potion of mutation]
 72860 | Lair:1   | Gained mutation: You evolve. [potion of mutation]
 72861 | Lair:1   | Lost mutation: You passively map a small area around you.
                  | [potion of mutation]
 72861 | Lair:1   | Lost mutation: You evolve. [potion of mutation]
 72861 | Lair:1   | Lost mutation: Your system is resistant to poisons. (rPois)
                  | [potion of mutation]
 72861 | Lair:1   | Gained mutation: You occasionally shout uncontrollably at
                  | your foes. [potion of mutation]
 72861 | Lair:1   | Gained mutation: You have an increased reservoir of magic.
                  | (+10% MP) [potion of mutation]
 72861 | Lair:1   | Gained mutation: You are agile. (Dex +2) [potion of
                  | mutation]
 72862 | Lair:1   | Lost mutation: You are agile. (Dex +2) [potion of mutation]
 72862 | Lair:1   | Lost mutation: You occasionally shout uncontrollably at
                  | your foes. [potion of mutation]
 72862 | Lair:1   | Lost mutation: Potions are less effective at restoring your
                  | health. [potion of mutation]
 72862 | Lair:1   | Gained mutation: You have a pair of large horns on your
                  | head. [potion of mutation]
 72862 | Lair:1   | Lost mutation: You have an increased reservoir of magic.
                  | (+10% MP) [potion of mutation]
 72862 | Lair:1   | Gained mutation: You have a moderately thin skeletal
                  | structure. (Dex +4, Stealth+) [potion of mutation]
 72862 | Lair:1   | Gained mutation: You expend magic power (3 MP) to
                  | strengthen your wands. [potion of mutation]
 72863 | Lair:1   | Lost mutation: You expend magic power (3 MP) to strengthen
                  | your wands. [potion of mutation]
 72863 | Lair:1   | Lost mutation: You have a moderately thin skeletal
                  | structure. (Dex +4, Stealth+) [potion of mutation]
 72863 | Lair:1   | Gained mutation: You have a moderately thin skeletal
                  | structure. (Dex +4, Stealth+) [potion of mutation]
 72863 | Lair:1   | Gained mutation: You occasionally shout uncontrollably at
                  | your foes. [potion of mutation]
 72863 | Lair:1   | Gained mutation: You are strong-willed. (Will+) [potion of
                  | mutation]
 73915 | Crypt:1  | Entered Level 1 of the Crypt
 74058 | Crypt:1  | Received a gift from Okawaru
 74602 | Crypt:2  | Found a basalt altar of Yredelemnul.
 75916 | Crypt:3  | Entered Level 3 of the Crypt
 77363 | Crypt:3  | Identified the Papyrus of the Forgotten Shrikes
 78339 | Crypt:3  | Noticed a royal mummy
 78345 | Crypt:3  | Killed a royal mummy
 78352 | Crypt:3  | Reached skill level 26 in Armour
 78364 | Crypt:3  | Identified the amulet "Baim" {Reflect +Blink Will++ Int-4
                  | Slay+6 SH+5}
 78387 | Crypt:3  | Identified the ring "Buugiath" {rN+ Int+3 Dex+2}
 78507 | Crypt:3  | Identified the +9 hand axe of Ziyshak {protect, +Blink
                  | rElec Str+4 Dex+4}
 78821 | Crypt:3  | Got a shimmering bronze ring
 78824 | Crypt:3  | Got a coiled steel ring
 79426 | Crypt:3  | Noticed Mennas
 79457 | Crypt:3  | Killed Mennas
 79760 | Crypt:3  | Found a staircase to the Tomb.
 79767 | Tomb:1   | Entered Level 1 of the Tomb of the Ancients
 79872 | Tomb:1   | Noticed a royal mummy
 79876 | Tomb:1   | Noticed a royal mummy
 79881 | Tomb:1   | Killed a royal mummy
 79881 | Tomb:1   | Received a gift from Okawaru
 79884 | Tomb:1   | Noticed a royal mummy
 79889 | Tomb:1   | Killed a royal mummy
 79889 | Tomb:1   | HP: 10/261 [something (18)]
 79895 | Tomb:1   | HP: 11/261 [??? (6)]
 79896 | Tomb:1   | Killed a royal mummy
 79898 | Tomb:1   | Got a faintly humming ring mail {god gift}
 79901 | Tomb:1   | Noticed a royal mummy
 79908 | Tomb:1   | Killed a royal mummy
 80372 | Tomb:1   | Noticed a royal mummy
 80376 | Tomb:1   | Noticed a royal mummy
 80386 | Tomb:1   | Killed a royal mummy
 80387 | Tomb:1   | Noticed a royal mummy
 80392 | Tomb:1   | Noticed a royal mummy
 80393 | Tomb:1   | Noticed a royal mummy
 80395 | Tomb:1   | Killed a royal mummy
 80396 | Tomb:1   | Noticed a royal mummy
 80398 | Tomb:1   | HP: 7/252 [royal mummy/divine providence (10)]
 80857 | Tomb:1   | Got a shimmering ring mail
 80858 | Tomb:1   | Identified the +0 ring mail of Weirdness {Int+4} (Okawaru
                  | gifted it to you on level 1 of the Tomb of the Ancients)
 80859 | Tomb:1   | Identified the cursed ring "Foij" {*Contam Str-4 SInv
                  | Stlth+} (You found it on level 3 of the Crypt)
 80860 | Tomb:1   | Identified the ring of Fikhleudo {*Slow rN+ Str+2 Dex+4
                  | Stlth+} (You found it on level 3 of the Crypt)
 80861 | Tomb:1   | Identified the +0 ring mail of Freedom {Will++ Int+4 Dex+4}
                  | (You found it on level 1 of the Tomb of the Ancients)
 81347 | Tomb:1   | Noticed a royal mummy
 81358 | Tomb:1   | Killed a royal mummy
 83116 | Tomb:1   | Noticed a royal mummy
 83116 | Tomb:1   | Noticed a royal mummy
 83116 | Tomb:1   | Noticed a royal mummy
 83125 | Tomb:1   | Killed a royal mummy
 83128 | Tomb:1   | Killed a royal mummy
 83128 | Tomb:1   | Received a gift from Okawaru
 83128 | Tomb:1   | HP: 13/264 [something (21)]
 83131 | Tomb:1   | Killed a royal mummy
 83131 | Tomb:1   | Killed by a royal mummy's death curse

Illustrated notes

Levels and vault maps discovered:
D:1:      wheals_arrival_linesprint, layout_basic
D:2:      layout_loops_ring, lemuel_round_altar, uniq_robin, uniq_sigmund
D:3:      layout_rooms, gammafunk_temple_overflow_arena,
          chequers_ecumenical_altar_lobes
D:4:      cheibrodos_barr_body, layout_gridville,
          minmay_temple_entry_enclosed_plants, serial_shops, shop,
          uniq_blork_the_orc, uniq_duvessa, uniq_eustachio
D:5:      layout_basic, lemuel_crystal_altar
D:6:      layout_gridville
D:7:      layout_basic, serial_shops, shop, kennysheep_generic_room_5
D:8:      layout_rooms, minmay_overflow_temple_hex, david_lair_generic,
          basic_altar, kennysheep_big_empty_room, nicolae_transmutations_shop
D:9:      layout_irregular_city, lemuel_doored_altar, serial_glass,
          glass_columns_a, glass_columns_a, enter_bailey_5
D:10:     kennysheep_kobold_lugonu_temple, layout_basic, uniq_erica,
          uniq_maggie, uniq_harold
D:11:     layout_loops_corners, orc_0_dummy, uniq_josephine
D:12:     layout_loops_ring, serial_shops, shop_coins
D:13:     layout_roguey, serial_shops, shop,
          portal_ice_cave_entry_animals_and_master
D:14:     layout_cave_pools, erik_vaults_2, enter_trove_5,
          kennysheep_cross_bottleneck
D:15:     grunt_enter_depths_hoard, layout_gridville,
          hangedman_abyss_or_decor_stagger
Lair:1:   layout_regular_city, hangedman_lair_unloving_vines, grunt_megastairs_5
Lair:2:   layout_gridlike, gammafunk_ghost_hydra_chop, uniq_urug
Lair:3:   layout_long_grid, nicolae_swamp_entry_splash_gauntlet,
          gauntlet_entry_generic, grunt_forest_small_clearing_treed,
          lemuel_fruit_fields
Lair:4:   layout_gridlike, guppyfry_snake_entry_garden,
          minmay_lair_oklob_bushes, lemuel_fruit_fields
Lair:5:   layout_cave_pods, slime_altar_1, serial_bayou_shore_a
Lair:6:   minmay_lair_end_enchanted_forest, layout_cave_pods, serial_rivers,
          chequers_serial_rivers_micro_b, chequers_serial_rivers_small_b,
          chequers_serial_rivers_room_a, chequers_serial_rivers_marsh,
          chequers_serial_rivers_micro_e, chequers_serial_rivers_micro_a
Swamp:1:  layout_basic_swamp, hangedman_swamp_pad
Swamp:2:  layout_basic_swamp, evilmike_swamp_ruin_house_6, uniq_aizul
Swamp:3:  layout_basic_swamp, serial_swamp_ruin, evilmike_swamp_ruin_house_3,
          evilmike_swamp_ruin_rubble_2
Swamp:4:  swamp_icy, layout_basic_swamp, swamp_pool2
Snake:1:  layout_misc_corridors, uniq_donald
Snake:2:  layout_onion, basic_altar, gammafunk_ghost_split, grunt_ministairs_9,
          evilmike_ambush [evilmike_ambush_outer_pillars,
          evilmike_ambush_inner_basic]
Snake:3:  layout_misc_corridors, statue_in_the_mist_lemuel, uniq_jorgrun
Snake:4:  snake_pit_salamanders_mu, layout_cave_town, nicolae_snake_springs,
          grunt_megastairs_1, minmay_shop_grove
Orc:1:    layout_caves, gammafunk_ghost_cemetery
Orc:2:    grunt_orc_community_town_hall, layout_caves,
          grunt_orc_community_big_house_1, grunt_orc_community_big_house_1,
          grunt_orc_community_house_2, grunt_orc_community_house_3,
          grunt_orc_community_house_1, grunt_orc_community_house_2, basic_altar,
          mines3_lemuel
Elf:1:    layout_loops_corners, hangedman_elf_disciples,
          hangedman_elf_represent, minmay_shoptagon
Elf:2:    layout_gridlike, grunt_ministairs_1, uniq_roxanne
Elf:3:    elf_hall_gauntlet_narrow, layout_loops_corners, serial_shops,
          bzr_in_the_mist, shop, shop, nicolae_shop_trees, nicolae_shop_trees,
          uniq_mara
Vaults:1: v_rooms_1, nicolae_vaults_windows_and_doors_thing,
          nicolae_vaults_little_ls, vaults_room_mumra_shop_pool, st_cross,
          nicolae_vaults_mini_display_case, layout_vaults_quadrants
Vaults:2: vaults_room_grid, v_misc_8, hangedman_vaults_stitches,
          hangedman_vaults_stagger, ontoclasm_vaults_misaligned,
          nicolae_vaults_alarming, nicolae_vaults_yaktaur_gun_rack, v_misc_28,
          ontoclasm_vaults_eye, ontoclasm_vaults_bender, vaults_room_pool,
          nicolae_vaults_little_squares_5, layout_vaults_ring, serial_shops,
          shop, nicolae_shop_crystal, shop, mu_enter_wizlab_7, uniq_frederick
Vaults:3: grunt_vaults_twisty, grunt_vaults_hallway_short,
          nicolae_vaults_stairing_the_circle, nicolae_vaults_triangles,
          vaults_mumra_lcd, vaults_dpeg_diagonal,
          nicolae_vaults_little_squares_6, v_pattern_5, st_check,
          ontoclasm_vaults_chip, minmay_crypt_entry_simple_sparse,
          vaults_dpeg_ring, layout_vaults_chaotic_city, uniq_margery,
          uniq_asterion
Vaults:4: nicolae_vaults_little_squares_1, nicolae_vaults_shelves_hall,
          ontoclasm_vaults_misaligned, ontoclasm_vaults_ring_small,
          vaults_room_glass_cross, grunt_vaults_hallway_short, v_misc_14,
          v_misc_33, v_misc_5, grunt_vaults_focal,
          nicolae_vaults_little_squares_2, nicolae_vaults_big_ls,
          ontoclasm_vaults_shuriken, ontoclasm_vaults_twist,
          ontoclasm_vaults_gateway, layout_vaults_big_cross
Vaults:5: uniq_saint_roka
Crypt:1:  layout_rooms, st_stairs_1, skrybe_necro_troll_1
Crypt:2:  layout_basic, basic_altar, minivault_27, grunt_megastairs_4,
          roderic_lattice_octagonal_star, lemuel_elevator
Crypt:3:  due_elkab, layout_chaotic_city, tomb_entry_simple_bobbens, uniq_mennas
Tomb:1
Depths:1: layout_gridlike, hangedman_geh_valley, grunt_decor_arrowhead,
          minmay_room_of_horrors, laboratory, hangedman_decor_cross_pass
Depths:2: evilmike_negative_zone, layout_gridlike, hell_entry, nicolae_wwwww,
          minmay_staircase_bubble
Depths:3: evilmike_library_of_no_secrets, layout_cave_shapes,
          rand_demon_pan_entry_7, abyss_entry_small_statue_room, hell_entry,
          amcnicky_mini_pool_small, infiniplex_staircase_pillars_1, uniq_boris,
          uniq_xtahua
Depths:4: kennysheep_bubbly, layout_basic, enter_ziggurat_e, abyss_entry,
          hell_entry, infiniplex_staircase_pool_2, serial_bayou_shore_b,
          serial_bayou_shore_b
Depths:5: grunt_x_marks_the_spot, layout_basic, tso_altar,
          grunt_hell_entry_dis_grunt, grunt_pan_entry_sceptre, drop_trap,
          minmay_misc_feat_five, uniq_enchantress
Zot:1:    layout_basic
Zot:2:    layout_cathedral_of_symmetry
Zot:3:    layout_basic, bh_zot_lava_cross
Zot:4:    layout_cellular_growth, grunt_ministairs_4, uniq_tiamat
Zot:5:    layout_misc_corridors

Skill      XL: |  1  2  3  4  5  6  7  8  9 10 11 12 13 14 15 16 17 18 19 20 21 22 23 24 25 26 27 |
---------------+----------------------------------------------------------------------------------+-----
Axes           | 3 4 6 13 14 15 16 17 18 19 20 | 20.0
Shields        | 4 5 10 11 13 14 15 16 17 18 19 22 | 22.8
Armour         | 8 9 10 11 12 14 15 16 17 18 19 20 21 22 23 26 | 26.4
Dodging        | 7 8 9 10 11 12 13 14 15 16 17 18 19 20 21 23 | 23.5
Fighting       | 4 5 6 7 9 10 12 13 14 15 16 17 18 19 20 21 24 | 24.6
Throwing       | 4 6 8 |  8.8
Invocations    | 2 4 6 7 |  7.7
Evocations     | 2 4 7 8 9 10 11 12 13 14 15 16 19 | 19.3
Maces & Flails | 5 8 9 |  9.6
Long Blades    | 5 9 10 12 16 | 16.0

Action                   |  1- 3 |  4- 6 |  7- 9 | 10-12 | 13-15 | 16-18 | 19-21 | 22-24 | 25-27 || total
-------------------------+-------+-------+-------+-------+-------+-------+-------+-------+-------++-------
Melee: War axe           |    46 |    90 |   218 |   150 |  1006 |   956 |   470 |       |       ||  2936
       Headbutt          |     6 |    10 |    91 |   202 |   335 |   384 |   443 |   362 |   724 ||  2557
       Hand axe          |       |       |   217 |   655 |    42 |       |       |       |       ||   914
       Broad axe         |       |       |       |       |       |       |   928 |  1131 |  1374 ||  3433
       Scimitar          |       |       |       |       |       |       |       |       |   465 ||   465
       Double sword      |       |       |       |       |       |       |       |       |    90 ||    90
Throw: Dart              |       |       |     3 |     3 |       |       |       |       |       ||     6
       Javelin           |       |       |       |       |     1 |    19 |       |    18 |     5 ||    43
Invok: Heroism           |       |       |       |     5 |     3 |     1 |     2 |     1 |     4 ||    16
       Finesse           |       |       |       |       |       |     1 |     2 |       |     4 ||     7
Evoke: Wand              |       |       |       |       |     4 |     3 |       |     1 |     1 ||     9
       Condenser vane    |       |       |       |       |       |     1 |       |       |     2 ||     3
       Phantom mirror    |       |       |       |       |       |       |     1 |       |       ||     1
  Use: Potion            |       |     1 |     1 |     6 |     1 |     6 |     1 |     3 |    25 ||    44
       Scroll            |       |       |     9 |     6 |    24 |    12 |    16 |    15 |    25 ||   107
 Stab: Invisible         |       |       |       |       |       |       |       |       |     3 ||     3
       Distracted        |       |       |       |       |       |       |       |       |     2 ||     2
       Confused          |       |       |       |       |       |       |       |       |     1 ||     1
Armor: Scale mail        |    16 |    31 |     1 |       |       |       |       |       |       ||    48
       Chain mail        |       |       |   116 |    26 |       |       |       |       |       ||   142
       Plate armour      |       |       |       |   196 |    23 |       |       |       |       ||   219
       Crystal plate arm |       |       |       |       |   251 |   331 |   148 |   171 |   601 ||  1502
       Gold dragon scale |       |       |       |       |       |       |   209 |       |       ||   209
Dodge: Dodged            |    15 |    25 |    97 |   197 |   218 |   327 |   497 |   268 |   948 ||  2592
       Repelled          |       |       |       |       |       |     3 |    44 |    16 |       ||    63
Block: Kite shield       |    26 |    47 |   211 |   344 |   688 |   678 |  1183 |   720 |  1570 ||  5467
       Reflection        |       |       |       |       |    33 |    45 |   111 |   114 |    73 ||   376
       Tower shield      |       |       |       |       |       |       |       |       |    17 ||    17
       Rpst.: Scimitar   |       |       |       |       |       |       |       |       |    47 ||    47
